AoeStats
← Jan the Hakker

Black Forest

509736548Analyzed
4v4 RM · 3d ago on Sep 27, 2026· 41m 50s· 8 players
Game mode
Random Map
Map size
Large (8 player)
Population
200
Speed
Normal
Resources
Standard
Victory
Conquest
Starting age
Dark Age
Ending age
Imperial Age
RankedLock teamsTeams togetherTeam positionsShared explorationLock speedFull tech treeHidden civsTurbo modeCheats
Victory
Defeat
🇳🇱 Gurjaras · Netherlands
1606
+14
🇺🇸 Maya · United States
1582
+15
🇩🇪 Magyars · Germany
1571
+15
🇩🇪 Hindustanis · Germany
1535
+17
🇬🇧 Burgundians · United Kingdom
1597
-17
🇵🇪 Cumans · Peru
1559
-15
🇫🇷 Malians · France
1554
-15
🇺🇸 Vietnamese · United States
1518
-14
Dwarf king
1:28 Loom
11:42 Feudal Age
13:14 Double-Bit Axe
19:06 Fletching
21:34 Padded Archer Armor
30:49 Castle Age
30:54 Crossbowman
31:31 Bodkin Arrow
31:50 Horse Collar
35:21 Bow Saw
B.
11:07 Feudal Age
14:58 Castle Age
15:32 Loom
16:29 Fishing Lines
17:49 Horse Collar
20:38 Double-Bit Axe
21:50 Husbandry
22:10 Scale Barding Armor
22:40 Bloodlines
24:57 Chain Barding Armor
28:14 Forging
28:24 Heavy Plow
34:50 Imperial Age
32:56 Wheelbarrow
35:15 Bow Saw
36:15 Plate Barding Armor
35:03 Heavy Camel Rider
35:36 Cavalier
40:45 Farimba
41:06 Conscription
Not the letter N
0:46 Loom
11:48 Feudal Age
15:45 Fletching
20:25 Castle Age
18:16 Double-Bit Axe
18:40 Stone Mining
21:07 Bodkin Arrow
23:05 Stone Shaft Mining
22:21 Horse Collar
22:53 Bow Saw
24:33 Gold Mining
29:27 Wheelbarrow
30:20 Two-Man Saw
34:27 Imperial Age
34:38 Gold Shaft Mining
34:59 Padded Archer Armor
35:24 Hand Cart
36:49 Leather Archer Armor
37:50 Chemistry
36:31 Treadmill Crane
37:01 Masonry
MasteRk
9:30 Loom
11:15 Feudal Age
12:28 Double-Bit Axe
12:43 Fishing Lines
15:07 Wheelbarrow
22:35 Castle Age
20:23 Horse Collar
23:27 Gillnets
24:12 Hand Cart
23:51 Gold Mining
25:39 Scale Barding Armor
25:45 Forging
28:20 Imperial Age
26:24 Stone Mining
27:10 Gold Shaft Mining
27:29 Chain Barding Armor
28:01 Bloodlines
28:28 Iron Casting
28:27 Cavalier
29:58 Plate Barding Armor
31:29 Blast Furnace
29:56 Paladin
30:21 Onager
33:25 Coinage
34:37 Banking
35:03 Capped Ram
36:38 Guilds
38:53 Siege Ram
optimal_brain_damage
0:25 Loom
9:07 Feudal Age
9:35 Man-at-Arms
13:39 Double-Bit Axe
15:06 Fletching
23:20 Castle Age
23:26 Horse Collar
23:37 Gold Mining
25:30 Wheelbarrow
28:41 Heavy Plow
29:43 Bow Saw
36:33 Imperial Age
36:28 Scale Mail Armor
36:38 Forging
36:50 Pikeman
37:30 Squires
37:46 Chain Mail Armor
38:57 Iron Casting
38:19 Halberdier
39:48 Holcans
40:08 Plate Mail Armor
40:09 Hand Cart
43:08 Blast Furnace
Jan the Hakker
6:55 Loom
11:25 Feudal Age
15:27 Castle Age
13:29 Double-Bit Axe
16:36 Bow Saw
18:26 Fishing Lines
21:29 Gillnets
21:27 Horse Collar
22:50 Heavy Plow
24:44 Wheelbarrow
24:20 Gold Mining
26:53 Hand Cart
29:14 Imperial Age
27:03 Hand Cart
26:39 Fletching
26:49 Padded Archer Armor
28:06 Gold Shaft Mining
27:22 Stone Mining
27:40 Bodkin Arrow
28:23 Leather Archer Armor
29:46 Elite Elephant Archer
31:55 Bracer
32:23 Ballistics
33:03 Chemistry
33:15 Chemistry
32:53 Thumb Ring
33:24 Frontier Guards
33:24 Conscription
33:00 Town Watch
34:22 Kshatriyas
35:57 Caravan
36:27 Coinage
36:59 Scale Mail Armor
37:09 Forging
36:43 Elite Chakram Thrower
39:39 Chain Mail Armor
39:59 Iron Casting
39:44 Chain Mail Armor
39:49 Murder Holes
41:23 Banking
18 on berries
10:52 Feudal Age
11:39 Double-Bit Axe
17:29 Wheelbarrow
16:42 Loom
18:11 Bloodlines
19:08 Forging
19:03 Horse Collar
19:35 Fishing Lines
20:49 Scale Barding Armor
25:44 Castle Age
25:47 Light Cavalry
26:27 Husbandry
26:49 Chain Barding Armor
26:47 Bow Saw
26:37 Heavy Plow
28:11 Iron Casting
29:12 Gold Mining
29:55 Hand Cart
30:20 Sanctity
34:28 Imperial Age
35:43 Gold Shaft Mining
35:05 Stone Mining
36:04 Plate Barding Armor
35:01 Heavy Camel Rider
35:59 Block Printing
37:11 Blast Furnace
35:42 Hussar
37:46 Fletching
38:18 Ballistics
38:05 Imperial Camel Rider
39:33 Bodkin Arrow
40:40 Chemistry
39:59 Caravan
40:54 Stone Shaft Mining
41:25 Illumination
41:18 Redemption
42:11 Two-Man Saw
41:13 Grand Trunk Road
41:34 Conscription
41:26 Town Watch
41:44 Bracer
41:55 Masonry
41:50 Siege Engineers
Benni
6:42 Loom
8:58 Feudal Age
9:03 Man-at-Arms
12:43 Fletching
14:50 Double-Bit Axe
21:20 Castle Age
21:43 Wheelbarrow
21:25 Crossbowman
22:00 Bodkin Arrow
22:28 Bow Saw
22:00 Horse Collar
25:56 Gold Mining
25:57 Stone Mining
26:10 Heavy Plow
27:06 Hand Cart
26:54 Heavy Plow
31:26 Ballistics
33:03 Gold Shaft Mining
36:14 Imperial Age
34:40 Thumb Ring
34:36 Padded Archer Armor
35:18 Husbandry
35:29 Bloodlines
37:29 Conscription
37:11 Bracer
38:12 Chemistry
37:39 Parthian Tactics
36:41 Heavy Cavalry Archer
37:24 Recurve Bow
37:46 Leather Archer Armor
38:31 Coinage
41:04 Ring Archer Armor
41:54 Banking
Connection lost

Rejoining the realm…

Still unreachable

The connection could not be restored.

Session expired

The server has moved on; the page needs a fresh start.